 Dungeon Crawl Stone Soup version 0.31.0-32-g396128a36d (webtiles) character file.

Game seed: 3103581783381711466

2921 Peloso the Carver (level 9, -2/79 (80) HPs)
             Began as a Minotaur Fighter on Mar 13, 2024.
             Was an Initiate of Okawaru.
             Slain by Maggie
             ... wielding a +2 long sword of draining
              (7 damage)
             ... on level 7 of the Dungeon.
             The game lasted 00:09:07 (4745 turns).

Peloso the Carver (Minotaur Fighter)                Turns: 4745, Time: 00:09:07

HP:   -2/79 (80)    AC: 10    Str: 21    XL:     9   Next: 50%
MP:   8/8           EV: 12    Int:  5    God:    Okawaru [......]
Gold: 256           SH:  5    Dex: 14    Spells: 8/8 levels left

rFire   . . .        a - +0 long sword (heavy)
rCold   . . .        d - +0 buckler
rNeg    . . .        c - +1 ring mail of Evolution {Slay+6}
rPois   .            (helmet restricted)
rElec   .            y - +0 cloak
rCorr   .            (no gloves)
SInv    .            r - +0 pair of boots
Will    .....        (no amulet)
Stlth   +            (no ring)
HPRegen 0.33/turn    (no ring)
MPRegen 0.11/turn

%: no passive effects
@: lethally poisoned (-2 -> -11), mesmerised, lightly drained
A: horns 2, retaliatory headbutt
a: Renounce Religion


You were on level 7 of the Dungeon.
You worshipped Okawaru.
Okawaru was noncommittal.
You visited 2 branches of the dungeon, and saw 8 of its levels.

You collected 447 gold pieces.
You spent 191 gold pieces at shops.

Inventory:

Hand Weapons
 a - a +0 heavy long sword (weapon)
Missiles
 k - a throwing net (quivered)
Armour
 b - a +0 plate armour
 c - the +1 ring mail of Evolution (worn) {Slay+6}
   (You found it on level 3 of the Dungeon)

   Slay+6:    It affects your accuracy & damage with ranged weapons and melee
   (+6).
 d - a +0 buckler (worn)
 r - a +0 pair of boots (worn)
 y - a +0 cloak (worn)
Wands
 x - a wand of digging (3)
Scrolls
 e - a scroll of enchant weapon {unknown}
 f - 3 scrolls of revelation
 h - 2 scrolls of blinking {unknown}
 j - a scroll of butterflies {unknown}
 l - 2 scrolls of vulnerability {unknown}
 m - a scroll of noise {unknown}
 n - 2 scrolls of enchant armour {unknown}
 o - 4 scrolls of teleportation {unknown}
 q - 3 scrolls of fear {unknown}
 s - a scroll of fog {unknown}
 t - 3 scrolls of amnesia {unknown}
 u - 2 scrolls of identify
 w - a scroll of brand weapon {unknown}
Potions
 g - 2 potions of might
 i - a potion of curing
 p - a potion of ambrosia
 v - a potion of haste {unknown}


   Skills:
 + Level 7.7 Fighting
 + Level 10.3 Long Blades
 + Level 8.1 Armour
 + Level 4.6 Dodging
 + Level 1.3 Stealth
 + Level 5.6 Shields


You had 8 spell levels left.
You didn't know any spells.
Your spell library contained the following spells:

 Spells                   Type           Power      Damage    Failure   Level
 Necrotise                Necr           0%         1d4       69%         1
 Mercury Vapours          Alch/Air       0%         N/A       83%         2
 Vampiric Draining        Necr           0%         2d6       96%         3
 Curse of Agony           Necr           0%         N/A       100%        5
 Martyr's Knell           Necr/Summ      Unusable   N/A       N/A         4

Dungeon Overview and Level Annotations

Branches:
Dungeon (7/15)             Temple (1/1) D:6

Altars:
Ashenzari
Cheibriados
Elyvilon
Fedhas
Gozag
Hepliaklqana
Kikubaaqudgha
Makhleb
Okawaru
Qazlal
Ru
Sif Muna
Trog
Uskayaw
Vehumet
Wu Jian
Yredelemnul
Zin

Shops:
D:2 *   D:6 ?

Annotations:
D:7 Maggie


Innate Abilities, Weirdness & Mutations

You have a pair of horns on your head.
You reflexively headbutt those who attack you in melee.


Message History

Something hits you.
* * * LOW HITPOINT WARNING * * *
Something bites you but does no damage.
The kobold shoots an arrow.
The arrow barely misses you.
Unknown command.
Something hits you!
* * * LOW HITPOINT WARNING * * *
Something bites you but does no damage.
The kobold shoots an arrow.
The arrow barely misses you.
Unknown command.
You feel better.
You feel less invigorated. Something hits you but does no damage.
Something bites you but does no damage.
The kobold shoots an arrow.
The arrow hits you but does no damage.
Okay, then.
You slash Maggie!
Maggie is lightly wounded.
Something hits you but does no damage. Something bites you.
Something draws strength from your injuries!
The kobold shoots an arrow.
Maggie hits you but does no damage.
You feel drained. Something hits you!
* * * LOW HITPOINT WARNING * * *
Something bites you.
* * * LOW HITPOINT WARNING * * *
Something draws strength from your injuries!
You feel better.
The kobold shoots an arrow.
The arrow closely misses you. Maggie barely misses you. Something hits you!
* * * LOW HITPOINT WARNING * * *
Something bites you but does no damage.
Unknown command.
You closely miss Maggie.
Maggie is lightly wounded.
The kobold throws a poisoned dart.
The poisoned dart hits you!
You are lethally poisoned!
Maggie closely misses you. You furiously retaliate!
You headbutt Maggie! Something hits you.
* * * LOW HITPOINT WARNING * * *
You block something's attack.
The kobold throws a poisoned dart.
The poisoned dart closely misses you.
Maggie hits you with a +2 long sword of draining!
You die...

#.........###.#.###
............# @.
#.#.........###.#.#
#..#####........# #
.#. #..K###### #
#..)#### #.<....####
#.{@.......
####@.######.
#.....#8...#
#.....###..#
######..#....)._#
#..........###..#
#.####)....#8...#
###.###)###..######
####.....).# #.....
#..(....##.###.#.#..


You could see Maggie (mesmerising) and a kobold.

Vanquished Creatures
  2 humans (D:7)
  Duvessa (D:6)
  An ice beast (D:6)
  3 sky beasts
  2 black bears
  An orc warrior (D:5)
  4 ogres
  A centaur (D:7)
  A phantom (D:6)
  A bullfrog (D:7)
  2 kobold brigands (D:7)
  A wyvern zombie (D:5)
  Blork the orc (D:6)
  3 scorpions
  Dowan (D:6)
  A bombardier beetle (D:4)
  2 centaur zombies (D:5)
  3 jellies
  2 bullfrog zombies (D:5)
  2 hounds
  Crazy Yiuf (D:6)
  2 orc priests
  Terence (D:2)
  4 iguanas (D:6)
  4 orc wizards
  A hound zombie (D:5)
  4 gnolls
  4 adders
  2 white imps
  2 ufetubi (D:6)
  4 dart slugs
  9 orcs
  4 ball pythons
  4 bats
  6 endoplasms
  2 giant cockroaches (D:2)
  6 goblins
  11 hobgoblins
  6 jackals
  18 kobolds
  4 quokkas
  A frilled lizard (D:1)
  7 rats
142 creatures vanquished.

Notes
Turn   | Place    | Note
-------+----------+-------------------------------------------
     0 | D:1      | Peloso the Minotaur Fighter began the quest for the Orb.
     0 | D:1      | Reached XP level 1. HP: 19/19 MP: 0/0
   189 | D:1      | Reached XP level 2. HP: 22/27 MP: 1/1
   315 | D:1      | Reached skill level 3 in Long Blades
   395 | D:1      | Found a faded altar of an unknown god.
   416 | D:1      | Reached XP level 3. HP: 33/33 MP: 2/2
   785 | D:1      | Reached skill level 4 in Long Blades
   785 | D:1      | Reached XP level 4. HP: 23/40 MP: 3/3
   928 | D:2      | Noticed Terence
   937 | D:2      | Killed Terence
  1156 | D:2      | Found Uthrega's Assorted Antiques.
  1161 | D:2      | Bought a scroll labelled ECSILU PANA for 23 gold pieces
  1161 | D:2      | Bought a scroll labelled WUDGHANEHIJU for 23 gold pieces
  1161 | D:2      | Bought a lumpy grey potion for 20 gold pieces
  1161 | D:2      | Bought a dark potion for 20 gold pieces
  1283 | D:2      | Reached XP level 5. HP: 46/47 MP: 4/4
  1538 | D:3      | Identified the +1 ring mail of Evolution {Slay+6}
  1638 | D:3      | Found a hide-covered altar of Uskayaw.
  1970 | D:4      | Reached skill level 5 in Long Blades
  2101 | D:4      | Noticed a sky beast
  2104 | D:4      | Reached skill level 1 in Dodging
  2109 | D:4      | Killed a sky beast
  2110 | D:4      | Reached skill level 5 in Fighting
  2110 | D:4      | Reached skill level 5 in Armour
  2110 | D:4      | Reached XP level 6. HP: 56/56 MP: 5/5
  2543 | D:5      | Entered Level 5 of the Dungeon
  2668 | D:5      | Reached skill level 6 in Long Blades
  2681 | D:5      | Reached XP level 7. HP: 33/61 MP: 6/6
  2866 | D:5      | Found a basalt altar of Yredelemnul.
  2874 | D:5      | Reached skill level 7 in Long Blades
  3010 | D:5      | Found a bloodstained altar of Trog.
  3140 | D:5      | Found a shimmering blue altar of Sif Muna.
  3144 | D:5      | Got Sif Muna's Encyclopedia of Reconfiguration
  3197 | D:5      | Found a glowing silver altar of Zin.
  3198 | D:5      | Found a snail-covered altar of Cheibriados.
  3202 | D:5      | Reached XP level 8. HP: 70/70 MP: 7/7
  3204 | D:5      | Found a burning altar of Makhleb.
  3225 | D:5      | Found an ancient bone altar of Kikubaaqudgha.
  3226 | D:5      | Found an ornate altar of the Wu Jian Council.
  3228 | D:5      | Found a stormy altar of Qazlal.
  3232 | D:5      | Found an opulent altar of Gozag.
  3241 | D:5      | Reached skill level 8 in Long Blades
  3469 | D:6      | Reached skill level 1 in Stealth
  3541 | D:6      | Reached skill level 5 in Shields
  3687 | D:6      | Found a runed translucent door.
  3688 | D:6      | Noticed Crazy Yiuf
  3812 | D:6      | Noticed Blork the orc
  3820 | D:6      | Killed Blork the orc
  4001 | D:6      | Reached skill level 9 in Long Blades
  4051 | D:6      | Found Ojuwny's Magic Scroll Shop.
  4059 | D:6      | Bought a scroll of revelation for 105 gold pieces
  4122 | D:6      | Found a staircase to the Ecumenical Temple.
  4257 | D:6      | Noticed Duvessa
  4257 | D:6      | Noticed Dowan
  4263 | D:6      | Killed Duvessa
  4264 | D:6      | Reached XP level 9. HP: 72/79 MP: 8/8
  4266 | D:6      | Killed Dowan
  4508 | D:6      | Killed Crazy Yiuf
  4559 | Temple   | Entered the Ecumenical Temple
  4616 | D:7      | Found an iron altar of Okawaru.
  4626 | D:7      | Became a worshipper of Warmaster Okawaru
  4653 | D:7      | Reached skill level 10 in Long Blades
  4717 | D:7      | Noticed Maggie
  4745 | D:7      | Slain by Maggie

Illustrated notes

Levels and vault maps discovered:
D:1:      dpeg_arrival_tiny_j, layout_basic,
          hellmonk_ecumenical_altar_leap_of_faith
D:2:      minmay_wonky_spiral, layout_rooms, serial_shops, shop, uniq_terence
D:3:      layout_basic, amcnicky_altar_gilded
D:4:      layout_cave_pools
D:5:      layout_cave_pools, nzn_overflow_gifts_of_might_and_magic,
          nicolae_yredelemnul_corpse_copse, grunt_temple_overflow_open
D:6:      dreamdust_elfheim, layout_loops_ring,
          minmay_temple_entry_statues_fountains, serial_shops, shop,
          chequers_garden, uniq_blork_the_orc, uniq_crazy_yiuf_cottage
D:7:      layout_loops_cross, okawaru_humans, general_overflow_altar,
          chequers_serial_rivers_marsh, uniq_jeremiah, uniq_maggie
Temple:   hellmonk_temple_micro_hex

Skill      XL: |  1  2  3  4  5  6  7  8  9 |
---------------+----------------------------+-----
Armour         | 4 5 6 7 8 |  8.1
Long Blades    | 3 4 5 6 7 9 10 | 10.3
Fighting       | 4 5 7 |  7.7
Shields        | 4 5 |  5.6
Dodging        | 1 2 4 |  4.6
Stealth        | 1 |  1.3

Action                     |  1- 3 |  4- 6 |  7- 9 || total
---------------------------+-------+-------+-------++-------
  Melee: Long sword        |    90 |   104 |   136 ||   330
         Headbutt          |     8 |    16 |    20 ||    44
    Use: Scroll            |       |     4 |       ||     4
         Potion            |       |       |     5 ||     5
 Armour: Scale mail        |    89 |    49 |       ||   138
         Ring mail         |       |    40 |   167 ||   207
  Dodge: Dodged            |    57 |    47 |    94 ||   198
  Block: Buckler           |    20 |    27 |    40 ||    87
